 Dungeon Crawl Stone Soup version 0.18-a0-960-g77c8fc5 (webtiles) character file.

191 M4edhros the Sneak (level 5, 0/33 HPs)
             Began as an Octopode Artificer on Dec 31, 2015.
             Slain by an adder (5 damage)
             ... on level 2 of the Dungeon.
             The game lasted 00:01:00 (781 turns).

M4edhros the Sneak (Octopode Artificer)              Turns: 781, Time: 00:01:00

Health: 0/33       AC:  1    Str: 11    XL:     5   Next: 70%
Magic:  8/8        EV: 13    Int: 12    God:
Gold:   45         SH:  0    Dex: 12    Spells: 0 memorised, 4 levels left

rFire  . . .     SeeInvis .     a - +0 short sword
rCold  . . .     Gourm    .     (no shield)
rNeg   . . .     Faith    .     (helmet restricted)
rPois  .         Spirit   .     (no amulet)
rElec  .         Dismiss  .     g - -3 ring of intelligence (curse)
rCorr  .         Reflect  .     (no ring)
SustAt .         Harm     .     (no ring)
MR     .....                    (no ring)
Stlth  ++++......               (no ring)
                                (no ring)
                                (no ring)
                                (no ring)

@: lethally poisoned (0 -> -2), not resistant to hostile enchantments, stealthy
A: almost no armour, amphibious, 8 rings, constrict 8, camouflage 1, gelatinous
body 1
a: no special abilities


You were on level 2 of the Dungeon.
You were not hungry.

You visited 1 branch of the dungeon, and saw 2 of its levels.

You collected 45 gold pieces.

Inventory:

Hand Weapons
 a - a +0 short sword (weapon)
Missiles
 k - 23 stones (quivered)
Jewellery
 g - a cursed -3 ring of intelligence (left tentacle)
Wands
 b - a wand of flame (15/48)
 c - a wand of enslavement (7/24)
 d - a wand of random effects (14/48)
Scrolls
 j - 2 scrolls of remove curse {unknown}
Potions
 e - a potion of degeneration {unknown}
 h - a potion of lignification {unknown}
Comestibles
 f - a bread ration
 i - a slice of pizza


   Skills:
 - Level 1.0 Fighting
 - Level 1.0 Short Blades
 * Level 3.8 Dodging
 * Level 5.2 Stealth
 + Level 4.1 Evocations


You had 4 spell levels left.
You didn't know any spells.

Dungeon Overview and Level Annotations

Branches:
Dungeon (1/15)

Altars:


Innate Abilities, Weirdness & Mutations

You cannot wear most types of armour.
You are amphibious.
You can wear up to eight rings at the same time.
You can use your tentacles to constrict eight enemies at once.
Your skin changes colour to match your surroundings (Stealth).
Your rubbery body absorbs attacks (AC +1).


Message History

* * * LOW HITPOINT WARNING * * *
The adder bites you.
* * * LOW HITPOINT WARNING * * *
The adder closely misses you.
Evoke which item? (* to show all) (? for menu, Esc to quit)
Zapping:
c - a wand of enslavement (9/24)
Press: ? - help, Shift-Dir - straight line, f - adder
Aim: an adder (chance to defeat MR: 63%)
The adder resists with significant effort.
This wand has 8 charges left.
The adder bites you.
* * * LOW HITPOINT WARNING * * *
The adder barely misses you.
Evoke which item? (* to show all) (? for menu, Esc to quit)
Zapping:
c - a wand of enslavement (8/24)
Press: ? - help, Shift-Dir - straight line, f - adder
Aim: an adder (chance to defeat MR: 63%)
The adder resists with significant effort.
This wand has 7 charges left.
The adder completely misses you. The adder bites you.
You die...

# #.. # #.# # ..
#.# # #. ##.#
####### #.# ....
...(...
#####.##.#.# ####
#######
....>....#S##...#
#
####.....##@S..#
#
#.........#.S##.#
# ##......#..# #
##).......# #
#######..[...!# #
..............##.
########!........
###.....##..
#...(.#.# #..#
########


You could see 2 adders and a friendly adder.

Vanquished Creatures
  Sigmund (D:2)
  2 giant geckos (D:1)
  A goblin (D:2)
  6 hobgoblins
  2 jackals (D:1)
  5 kobolds
  2 bats (D:1)
  5 giant newts (D:1)
  4 rats
28 creatures vanquished.

Vanquished Creatures (collateral kills)
  A bat (D:2)
1 creature vanquished.

Grand Total: 29 creatures vanquished

Notes
Turn   | Place    | Note
--------------------------------------------------------------
     0 | D:1      | M4edhros the Octopode Artificer began the quest for the Orb.
     0 | D:1      | Reached XP level 1. HP: 13/13 MP: 3/3
   115 | D:1      | Reached XP level 2. HP: 18/18 MP: 4/4
   585 | D:1      | Reached XP level 3. HP: 19/23 MP: 5/5
   645 | D:1      | You fall through a shaft!
   664 | D:2      | Noticed Sigmund
   678 | D:2      | Killed Sigmund
   678 | D:2      | Reached skill level 5 in Stealth
   678 | D:2      | Reached XP level 4. HP: 28/28 MP: 5/7
   678 | D:2      | Reached XP level 5. HP: 33/33 MP: 5/8
   725 | D:2      | Found a faded altar to an unknown god.
   781 | D:2      | Slain by an adder

Vault maps used:
D:1:      tarquinn_simple_flora_water_c, minivault_4
D:2:      ecumenical_altar_1, first_bread, minmay_distorted, uniq_sigmund,
          uniq_crazy_yiuf_cottage

Action                   |  1- 3 |  4- 6 || total
-------------------------+-------+-------++-------
Melee: Short sword       |    51 |     6 ||    57
Evoke: Wand              |     2 |     7 ||     9
 Stab: Sleeping          |     7 |     1 ||     8
